 Dungeon Crawl Stone Soup version 0.30-b1-2-g02819fbbbe (webtiles) character file.

Game seed: 12933602764707073345

292090 funkygono the Hoplite (level 19, 0/163 HPs)
             Began as a Minotaur Fighter on May 27, 2023.
             Was a High Priest of Okawaru.
             Killed from afar by a starcursed mass (9 damage)
             ... with an accursed screaming
             ... on level 2 of the Abyss on May 28, 2023.
             The game lasted 01:37:20 (40180 turns).

funkygono the Hoplite (Minotaur Fighter)           Turns: 40180, Time: 01:37:20

Health: 0/163      AC: 41    Str: 22      XL:     19   Next: 98%
Magic:  15/15      EV: 13    Int:  5      God:    Okawaru [*****.]
Gold:   3323       SH: 22    Dex: 12 (13) Spells: 18/18 levels left

rFire   x . .        j - +2 broad axe (flame)
rCold   . . .        R - +0 kite shield {AC+3}
rNeg    . . .        w - +5 plate armour {rPois}
rPois   +            g - +2 hat
rElec   .            o - +2 cloak
rCorr   .            b - +2 pair of gloves {hurl}
SInv    +            f - +2 pair of boots "Veihip" {Slay+2}
Will    +....        q - amulet of reflection Stlth
                     d - ring of flight
HPRegen 0.00/turn    F - ring of see invisible
MPRegen 0.14/turn

%: reflection
@: heroic, sick, flying, inhibited regen
A: horns 2, retaliatory headbutt, inability to drink after injury 1, [frail 1],
[low MP 3], [inhibited regeneration], ([teleportitis 2]), [weak 2], [heat
vulnerability 1]
}: 2/15 runes: barnacled, gossamer
a: Renounce Religion, Heroism, Finesse, Duel


You were on level 2 of the Abyss.
You worshipped Okawaru.
Okawaru was extremely pleased with you.
You visited 7 branches of the dungeon, and saw 32 of its levels.
You visited the Abyss 1 time.
You also visited: Bailey.

You collected 4064 gold pieces.
You spent 741 gold pieces at shops.

Inventory:

Hand Weapons
 j - a +2 broad axe of flaming (weapon)
 N - a +7 war axe of flaming
 S - the +4 broad axe of Responsibility {drain, Str+5}
   (You took it off a merfolk on level 4 of the Shoals)

   Str:       It affects your strength (+5).
Missiles
 A - 4 throwing nets
 M - 7 silver javelins
 O - 21 javelins
 Q - 28 boomerangs (quivered)
Armour
 b - a +2 pair of gloves of hurling (worn)
 f - the +2 pair of boots "Veihip" (worn) {Slay+2}
   (You found it on level 4 of the Spider Nest)

   Slay:      It affects your accuracy & damage with ranged weapons and melee
   (+2).
 g - a +2 hat (worn)
 o - a +2 cloak (worn)
 w - a +5 plate armour of poison resistance (worn)
 R - a +0 kite shield of protection (worn)
Jewellery
 c - an amulet of regeneration
 d - a ring of flight (left hand)
 n - the dreamshard necklace {*Dream Drain}
   (You found it on level 1 of the Shoals)

   [amulet of nothing]

   *Dream:    It shatters if its wearer takes lethal or near-lethal damage,
   preventing the blow and releasing protective dreams that heal and fight for
   the wearer.
   Drain:     It drains your maximum health when unequipped.
 q - an amulet of reflection (around neck)
 y - a ring of protection from cold
 D - a ring of protection from fire
 F - a ring of see invisible (right hand)
 K - a ring of resist corrosion
Wands
 e - a wand of roots (7)
 h - a wand of polymorph (8)
 s - a wand of digging (2)
 C - a wand of acid (22)
 G - a wand of flame (50)
 H - a wand of paralysis (8)
Scrolls
 a - a scroll of fear
 i - 22 scrolls of teleportation
 m - 11 scrolls of identify
 r - 2 scrolls of brand weapon
 u - 3 scrolls of blinking
 x - a scroll of poison
 B - 3 scrolls of magic mapping
 I - 2 scrolls of fog
 P - a scroll of silence
Potions
 k - 12 potions of curing
 l - 4 potions of haste
 p - 11 potions of resistance
 t - 6 potions of mutation
 v - 6 potions of cancellation
 z - 5 potions of ambrosia
 E - a potion of berserk rage
 J - 5 potions of invisibility
 L - 2 potions of heal wounds
 T - 3 potions of might


   Skills:
 + Level 19.0(24.0) Fighting
 + Level 20.9(25.9) Axes
 + Level 9.0(14.0) Throwing
 + Level 16.5(21.5) Armour
 + Level 9.1(14.1) Dodging
 + Level 4.4(9.4) Stealth
 + Level 22.0(27) Shields
 + Level 5.5 Invocations
 + Level 0.6 Evocations


You had 18 spell levels left.
You didn't know any spells.
Your spell library contained the following spells:

 Spells                   Type           Power      Damage    Failure   Level
 Foxfire                  Conj/Fire      0%         2x1d4     97%         1
 Kiss of Death            Conj/Necr      0%         2d5       97%         1
 Magic Dart               Conj           0%         1d3       97%         1
 Lesser Beckoning         Tloc           0%         N/A       99%         2
 Confusing Touch          Hex            0%         N/A       100%        3
 Dazzling Flash           Conj/Hex       0%         N/A       100%        3
 Gell's Gravitas          Tloc           0%         N/A       100%        3
 Hailstorm                Conj/Ice       0%         3d3       100%        3
 Ignite Poison            Fire/Tmut/Pois 0%         N/A       100%        3
 Mephitic Cloud           Conj/Pois/Air  0%         N/A       100%        3
 Ozocubu's Armour         Ice            0%         N/A       100%        3
 Portal Projectile        Hex/Tloc       0%         N/A       100%        3
 Stone Arrow              Conj/Erth      0%         3d7       100%        3
 Teleport Other           Tloc           0%         N/A       100%        3
 Dispel Undead            Necr           0%         3d6       100%        4
 Ice Form                 Ice/Tmut       0%         N/A       100%        4
 Leda's Liquefaction      Hex/Erth       0%         N/A       100%        4
 Petrify                  Tmut/Erth      0%         N/A       100%        4
 Sticky Flame             Conj/Fire      0%         2d3       100%        4
 Agony                    Necr           0%         N/A       100%        5
 Borgnjor's Vile Clutch   Necr/Erth      0%         N/A       100%        5
 Fireball                 Conj/Fire      0%         3d3       100%        5
 Lee's Rapid Deconstruct  Erth           0%         3d4*      100%        5
 Metabolic Englaciation   Hex/Ice        0%         N/A       100%        5
 Silence                  Hex/Air        0%         N/A       100%        5
 Conjure Ball Lightning   Conj/Air       0%         3x3d6     100%        6
 Plasma Beam              Fire/Air       0%         2x1d11    100%        6
 Starburst                Conj/Fire      0%         6d3       100%        6
 Statue Form              Tmut/Erth      0%         N/A       100%        6
 Ozocubu's Refrigeration  Ice            0%         4d7       100%        7
 Discord                  Hex            0%         N/A       100%        8
 Disjunction              Tloc           0%         N/A       100%        8
 Ignition                 Fire           0%         3d3       100%        8
 Lehudib's Crystal Spear  Conj/Erth      0%         10d2      100%        8
 Call Imp                 Summ           Unusable   N/A       N/A         2
 Call Canine Familiar     Summ           Unusable   N/A       N/A         3
 Animate Armour           Summ/Erth      Unusable   N/A       N/A         4
 Animate Dead             Necr           Unusable   N/A       N/A         4
 Death Channel            Necr           Unusable   N/A       N/A         6
 Simulacrum               Ice/Necr       Unusable   N/A       N/A         6

Dungeon Overview and Level Annotations

Branches:
Dungeon (15/15)            Temple (1/1) D:5            Lair (5/5) D:9
 Shoals (4/4) Lair:3       Spider (4/4) Lair:3        Slime (0/5) Lair:5
    Orc (2/2) D:9             Elf (0/3) Orc:2        Vaults (1/5) D:13
 Depths (0/4) D:15         Bailey (visited)

Altars:
Ashenzari
Cheibriados
Dithmenos
Elyvilon
Fedhas
Gozag
Hepliaklqana
Kikubaaqudgha
Makhleb
Nemelex Xobeh
Okawaru
Qazlal
Ru
Sif Muna
Trog
Uskayaw
Vehumet
Wu Jian
Xom
Yredelemnul
Zin
The Shining One
Jiyva
Lugonu

Shops:
D:7 *   Orc:1 [   Orc:2 *(=[   Shoals:1 !   Shoals:2 *

Portals:
Abyss: Lair:5


Innate Abilities, Weirdness & Mutations

You have a pair of horns on your head.
You reflexively headbutt those who attack you in melee.
You occasionally lose the ability to drink potions when taking damage.
[You are frail. (-10% HP)]
[Your magical capacity is extremely low. (-30% MP)]
[You do not regenerate when monsters are visible.]
[((You are often teleported next to monsters.))]
[You are very weak. (Str -4)]
[You are vulnerable to heat. (rF-)]


Message History

You block the orange demon's attack. x2; A starcursed mass splits.
You completely miss the orange demon. You headbutt the orange demon!
The orange demon is moderately wounded.
You slice the starcursed mass!! You burn the starcursed mass.
You destroy the starcursed mass!
Okawaru accepts your kill. You block the orange demon's attack.
The orange demon hits you but does no damage.
The orange demon closely misses you.
You hear a grinding noise.
You slice the orange demon!! You burn the orange demon!
The orange demon is almost dead.
The starcursed mass shrieks in your mind.
* * * LOW HITPOINT WARNING * * *
You block the orange demon's attack. The orange demon barely misses you.
You furiously retaliate!
You headbutt the orange demon!
You kill the orange demon!
Okawaru accepts your kill.
Your base Fighting skill increases to level 19!
Your base Shields skill increases to level 22!
A starcursed mass splits.
You hit the cacodemon but do no damage. A chorus of shrieks assaults your mind.
* * * LOW HITPOINT WARNING * * *
You closely miss the cacodemon. You block the orange demon's attack.
You slash the cacodemon! You burn the cacodemon.
The cacodemon is lightly wounded.
A starcursed mass splits.
A chorus of shrieks assaults your mind.
* * * LOW HITPOINT WARNING * * *
You block the orange demon's attack. You block the cacodemon's attack. x2
You barely miss the cacodemon. Your headbutt misses the cacodemon.
The cacodemon is lightly wounded.
The orange demon stings you but does no damage.
The cacodemon hits you but does no damage.
You block the cacodemon's attack.
You hit the cacodemon but do no damage. You headbutt the cacodemon!
The cacodemon is lightly wounded.
A chorus of shrieks assaults your mind.
You die...

. .# # ## ##
.. #.#.##.#.
# ....#.. #
#...# #.
#...#
#..#.###.###
#....X.@#
#..#X#X##2#
.. #.## #4#
X #. #.# ##
.. ... ...
..#.


You could see 3 starcursed masses, a cacodemon and an orange demon.

Vanquished Creatures
  Arachne (Spider:2)
  Jorgrun (D:13)
  A tentacled starspawn (Abyss:2)
  Frances (D:13)
  Polyphemus (Shoals:3)
  2 krakens
  A sphinx (Vaults:1)
  Ilsuiw (Shoals:4)
  Donald (Shoals:3)
  The ghost of Liimbo the Severer, an adept FoWn of the Shining One (Shoals:1)
  A vault warden (Vaults:1)
  4 ghost moths
  An orc warlord (Orc:2)
  An emperor scorpion (Spider:4)
  Azrael (Spider:2)
  5 spark wasps
  3 merfolk javelineers
  A crystal guardian (Vaults:1)
  11 merfolk impalers
  An entropy weaver (shapeshifter) (Lair:5)
  3 vault guards (Vaults:1)
  Josephine (Orc:2)
  2 ice dragons (D:15)
  2 hydras
  6 entropy weavers
  A peacekeeper (Vaults:1)
  3 jorogumos
  4 ogre magi
  6 merfolk avatars
  2 catoblepae
  14 two-headed ogres
  7 radroaches
  6 merfolk aquamancers (Shoals:4)
  3 centaur warriors (D:14)
  16 boulder beetles
  An alligator snapping turtle (Shoals:1)
  4 satyrs (Shoals:4)
  An orc high priest (Orc:2)
  A tengu warrior (D:15)
  3 thrashing horrors (Lair:5)
  6 death yaks
  Urug (Lair:2)
  Sonja (D:11)
  8 pharaoh ants
  Amaemon (Lair:1)
  A fire crab (shapeshifter) (Lair:5)
  7 skysharks
  Lodul (D:11)
  2 wretched stars (Abyss:2)
  A sun moth (Spider:4)
  5 skeletal warriors
  A spatial maelstrom (Abyss:2)
  6 sea snakes
  A fire crab (Lair:5)
  12 orb spiders
  5 steelbarb worms
  2 wizards
  Pikel (D:9)
  17 harpies
  2 ironbound convokers (Vaults:1)
  3 orc sorcerers (Orc:2)
  2 deep elf pyromancers (D:15)
  7 orc knights
  5 ugly things
  25 fauns
  6 cyclopes
  An oklob plant (Lair:5)
  2 worldbinders (Abyss:2)
  15 manticores
  18 wolf spiders
  14 elephants
  4 merfolk sirens
  3 water nymphs
  4 moths of wrath
  4 black mambas
  4 centaur skeletons (D:13)
  17 demonic crawlers
  9 torpor snails
  2 orange demons
  2 gargoyles
  Maggie (D:9)
  8 cane toads
  3 kobold demonologists (D:11)
  A yaktaur (Vaults:1)
  5 rime drakes
  7 komodo dragons
  A freezing wraith (D:14)
  A tengu conjurer (D:15)
  2 unseen horrors
  10 trolls
  3 ancient zymes
  3 harpy zombies (Shoals:3)
  A meliai (shapeshifter) (Lair:5)
  25 meliai
  4 hornets
  3 polar bears (Lair:5)
  27 merfolk
  22 tarantellas
  Grinder (D:5)
  2 wind drakes
  20 blink frogs
  A raiju (Abyss:2)
  8 snapping turtles
  7 slime creatures (D:12)
  38 jumping spiders
  17 culicivoras
  A shadow (D:13)
  7 wraiths
  54 yaks
  2 vampires
  4 wyverns
  7 water elementals
  5 fire elementals (Spider:1)
  Eustachio (D:4)
  2 ynoxinuls (Abyss:2)
  5 starcursed masses (Abyss:2)
  3 steam dragons
  5 basilisks
  2 chaos spawn (Lair:5)
  49 redbacks
  2 wargs (Orc:2)
  14 vampire mosquitoes
  Edmund (D:5)
  A spatial vortex (Abyss:2)
  3 large abominations
  An acid dragon (D:12)
  14 water moccasins
  3 hell hounds
  23 orc warriors
  A black bear (D:6)
  2 sky beasts (D:7)
  A manticore zombie (Shoals:3)
  An ice beast (D:5)
  A black bear (shapeshifter) (Lair:5)
  17 ogres
  A boggart (D:13)
  6 centaurs
  4 kobold brigands
  16 small abominations
  Blork the orc (Orc:2)
  5 bullfrogs
  A bullfrog (shapeshifter) (Lair:5)
  5 gnoll sergeants
  2 scorpions
  3 killer bees (D:9)
  2 electric eels (Lair:2)
  3 howler monkeys (D:12)
  3 hounds
  5 jellies
  17 orc priests
  3 sleepcaps
  Crazy Yiuf (D:6)
  5 iguanas
  19 orc wizards
  A mummy (D:6)
  8 adders
  37 gnolls
  2 shadow imps
  3 white imps
  2 worms
  75 orcs
  10 ball pythons
  A bat zombie (Shoals:3)
  7 endoplasms
  2 giant cockroaches
  10 goblins
  8 hobgoblins
  10 jackals
  15 kobolds
  4 quokkas
  8 bats
  7 frilled lizards
  2 kobold zombies (D:6)
  5 rats
  2 starspawn tentacles (Abyss:2)
  3 tentacles
1131 creatures vanquished.

Vanquished Creatures (others)
  A wretched star (Abyss:2)
  A steelbarb worm (Spider:2)
  A manticore (Shoals:4)
  A jumping spider (Spider:1)
  A kobold brigand (D:11)
  An orc wizard (D:9)
  A gnoll (D:9)
  28 fungi
  198 plants
  2 starspawn tentacles (Abyss:2)
  7 tentacles
242 creatures vanquished.

Grand Total: 1373 creatures vanquished

Notes
Turn   | Place    | Note
-------+----------+-------------------------------------------
     0 | D:1      | funkygono the Minotaur Fighter began the quest for the Orb.
     0 | D:1      | Reached XP level 1. HP: 19/19 MP: 0/0
    86 | D:1      | Reached XP level 2. HP: 22/27 MP: 1/1
   330 | D:1      | Reached skill level 4 in Shields
   346 | D:1      | Reached XP level 3. HP: 32/33 MP: 2/2
   867 | D:2      | Reached XP level 4. HP: 29/40 MP: 3/3
  1292 | D:3      | Reached skill level 1 in Dodging
  1400 | D:3      | You fall into a shaft and drop 3 floors!
  1427 | D:6      | Noticed a black bear
  1443 | D:6      | Killed a black bear
  1444 | D:6      | Reached skill level 5 in Axes
  1444 | D:6      | Reached XP level 5. HP: 45/46 MP: 4/4
  1485 | D:5      | Entered Level 5 of the Dungeon
  1511 | D:5      | Reached XP level 6. HP: 46/55 MP: 5/5
  1624 | D:5      | Noticed an ice beast
  1633 | D:5      | Killed an ice beast
  1634 | D:5      | Reached skill level 5 in Fighting
  1651 | D:5      | Found a staircase to the Ecumenical Temple.
  1657 | Temple   | Entered the Ecumenical Temple
  1704 | Temple   | Became a worshipper of Warmaster Okawaru
  1821 | D:5      | Noticed Grinder
  1829 | D:5      | Paralysed by Grinder for 2 turns
  1876 | D:5      | Killed Grinder
  1877 | D:5      | Reached skill level 1 in Throwing
  1877 | D:5      | Reached skill level 5 in Armour
  1877 | D:5      | Reached XP level 7. HP: 28/61 MP: 6/6
  2031 | D:5      | Reached * piety under Okawaru
  3134 | D:4      | Noticed Eustachio
  3170 | D:4      | Killed Eustachio
  3171 | D:4      | Reached XP level 8. HP: 45/69 MP: 7/7
  3395 | D:4      | Reached skill level 5 in Shields
  3961 | D:5      | Noticed Edmund
  3973 | D:5      | Killed Edmund
  4246 | D:5      | Found a snail-covered altar of Cheibriados.
  4255 | D:5      | Found a hide-covered altar of Uskayaw.
  4809 | D:6      | Found a runed translucent door.
  4810 | D:6      | Noticed Crazy Yiuf
  4905 | D:6      | Reached skill level 6 in Shields
  5197 | D:6      | Killed Crazy Yiuf
  5526 | D:7      | Reached ** piety under Okawaru
  5532 | D:7      | Reached XP level 9. HP: 50/75 MP: 8/8
  5538 | D:7      | Reached skill level 7 in Shields
  5698 | D:7      | Found a flagged portal.
  5753 | Bailey   | Entered a bailey
  5971 | Bailey   | Noticed an orc knight
  5983 | Bailey   | Killed an orc knight
  6301 | D:7      | Reached skill level 10 in Axes
  6301 | D:7      | Reached skill level 8 in Shields
  6316 | D:7      | Found a hazy altar of Hepliaklqana.
  6439 | D:7      | Found Zin's Purification Station.
  6442 | D:7      | Found a glowing silver altar of Zin.
  7015 | D:8      | Noticed a cyclops
  7023 | D:8      | Killed a cyclops
  7024 | D:8      | Reached skill level 1 in Stealth
  7585 | D:8      | Reached *** piety under Okawaru
  7591 | D:8      | Reached XP level 10. HP: 85/86 MP: 9/9
  7845 | D:9      | Received a gift from Okawaru
  8097 | D:9      | Noticed Pikel
  8099 | D:9      | Killed Pikel
  8100 | D:9      | Reached skill level 9 in Shields
  8113 | D:9      | Found a staircase to the Lair.
  8148 | D:9      | Reached **** piety under Okawaru
  8300 | D:9      | Found a staircase to the Orcish Mines.
  8393 | D:9      | Noticed Maggie
  8403 | D:9      | Killed Maggie
  8711 | Lair:1   | Entered Level 1 of the Lair of Beasts
  8739 | Lair:1   | Noticed a black mamba
  8744 | Lair:1   | Killed a black mamba
  8843 | Lair:1   | Noticed a cane toad
  8848 | Lair:1   | Killed a cane toad
  9053 | Lair:1   | Reached XP level 11. HP: 95/95 MP: 10/10
  9158 | Lair:1   | Reached skill level 10 in Shields
  9428 | Lair:1   | Reached skill level 1 in Invocations
  9428 | Lair:1   | Reached ***** piety under Okawaru
  9484 | Lair:1   | Noticed Amaemon
  9500 | Lair:1   | Killed Amaemon
  9923 | Lair:1   | Reached skill level 10 in Armour
  9923 | Lair:1   | Reached skill level 5 in Dodging
  9923 | Lair:1   | Reached skill level 11 in Shields
  9923 | Lair:1   | Reached XP level 12. HP: 106/106 MP: 11/11
  9924 | Lair:1   | Reached skill level 10 in Fighting
  9924 | Lair:1   | Reached skill level 15 in Axes
  9924 | Lair:1   | Reached XP level 13. HP: 114/114 MP: 11/14
 10037 | Lair:2   | Received a gift from Okawaru
 10344 | Lair:2   | Reached skill level 12 in Shields
 10488 | Lair:2   | Noticed Urug
 10496 | Lair:2   | Killed Urug
 10956 | Lair:3   | Found a hole to the Spider Nest.
 11175 | Lair:3   | Found a staircase to the Shoals.
 11381 | Lair:3   | Reached XP level 14. HP: 102/124 MP: 15/15
 11551 | Lair:3   | Received a gift from Okawaru
 13169 | Lair:5   | Entered Level 5 of the Lair of Beasts
 13392 | Lair:5   | Received a gift from Okawaru
 13585 | Lair:5   | Found a viscous altar of Jiyva.
 13594 | Lair:5   | Found a staircase to the Slime Pits.
 13607 | Lair:5   | Reached skill level 13 in Shields
 13736 | Lair:5   | Received a gift from Okawaru
 14226 | Lair:5   | Received a gift from Okawaru
 14803 | Lair:5   | Reached skill level 14 in Shields
 15142 | Lair:5   | Found a corrupted altar of Lugonu.
 15142 | Lair:5   | Found a one-way gate to the infinite horrors of the Abyss.
 15165 | Lair:5   | Identified the +9 mace of Cruel Justice {freeze, rN+ Dex+3
                  | Stlth-}
 15621 | Orc:1    | Entered Level 1 of the Orcish Mines
 16433 | Orc:2    | Entered Level 2 of the Orcish Mines
 16439 | Orc:2    | Reached XP level 15. HP: 134/135 MP: 16/16
 16463 | Orc:2    | Noticed Josephine
 16472 | Orc:2    | Killed Josephine
 16555 | Orc:2    | Reached skill level 5 in Throwing
 16899 | Orc:2    | Noticed Blork the orc
 16908 | Orc:2    | Killed Blork the orc
 16982 | Orc:2    | Received a gift from Okawaru
 17031 | Orc:2    | Found Patod's Jewellery Shop.
 17389 | Orc:2    | Found a staircase to the Elven Halls.
 17464 | Orc:2    | Found Juoluawi's Antique Armour Shop.
 17519 | Orc:2    | Found Foqyavan's General Store.
 17525 | Orc:2    | Bought a scroll of enchant weapon for 105 gold pieces
 17525 | Orc:2    | Bought a scroll of identify for 28 gold pieces
 17534 | Orc:2    | Found Qev Icvumuce's Antique Weapon Shop.
 17780 | Orc:1    | Found Meapam's Armour Shop.
 17789 | Orc:1    | Bought a +1 pair of gloves of hurling for 231 gold pieces
 17888 | Orc:1    | Identified a scroll of acquirement
 17888 | Orc:1    | Acquired 433 gold pieces
 18012 | D:10     | Entered Level 10 of the Dungeon
 18976 | Spider:1 | Entered Level 1 of the Spider Nest
 19100 | Spider:1 | Received a gift from Okawaru
 19240 | Spider:1 | Reached skill level 15 in Shields
 19399 | Spider:1 | HP: 5/129 [jorogumo/bolt of negative energy (17)]
 19508 | Spider:1 | Received a gift from Okawaru
 20526 | Spider:1 | Received a gift from Okawaru
 21066 | Spider:2 | Noticed Azrael
 21413 | Spider:2 | Killed Azrael
 21497 | Spider:1 | Received a gift from Okawaru
 21525 | Spider:2 | Noticed Arachne
 22071 | Spider:2 | Killed Arachne
 22071 | Spider:2 | Received a gift from Okawaru
 22072 | Spider:2 | Reached skill level 16 in Shields
 22391 | Spider:2 | Received a gift from Okawaru
 22406 | Spider:2 | Reached XP level 16. HP: 147/147 MP: 18/18
 23039 | Spider:2 | Received a gift from Okawaru
 24039 | Spider:3 | Reached skill level 17 in Shields
 24179 | Spider:3 | Reached skill level 15 in Fighting
 24656 | Spider:3 | Received a gift from Okawaru
 24895 | Spider:4 | Entered Level 4 of the Spider Nest
 25069 | Spider:4 | Gained mutation: You occasionally lose the ability to drink
                  | potions when taking damage. [mutagenic glow]
 25300 | Spider:4 | Received a gift from Okawaru
 25537 | Spider:4 | Received a gift from Okawaru
 25608 | Spider:4 | Reached skill level 15 in Armour
 25715 | Spider:4 | HP: 3/149 [meliai/+0 broad axe (6)]
 25720 | Spider:4 | Received a gift from Okawaru
 26034 | Spider:4 | Reached skill level 18 in Shields
 26474 | Spider:4 | Received a gift from Okawaru
 26503 | Spider:4 | Reached XP level 17. HP: 158/158 MP: 19/19
 26636 | Spider:4 | Reached skill level 5 in Invocations
 26636 | Spider:4 | Reached XP level 18. HP: 152/166 MP: 20/20
 26774 | Spider:4 | Identified the +2 pair of boots "Veihip" {Slay+2}
 26784 | Spider:4 | Got a gossamer rune of Zot
 26904 | Spider:4 | Received a gift from Okawaru
 28165 | Orc:2    | Bought a ring of flight for 297 gold pieces
 28321 | Shoals:1 | Entered Level 1 of the Shoals
 28391 | Shoals:1 | Found the dreamshard necklace {*Dream Drain}
 28446 | Shoals:1 | Found Woorheg's Distillery.
 28495 | Shoals:1 | Bought a potion of heal wounds for 80 gold pieces
 28750 | Shoals:1 | Found a transporter.
 28758 | Shoals:1 | Noticed Liimbo's ghost (adept FoWn)
 28778 | Shoals:1 | Found a transporter.
 28934 | Shoals:1 | Reached skill level 19 in Shields
 29383 | Shoals:1 | Killed Liimbo's ghost
 29383 | Shoals:1 | HP: 6/168 [alligator snapping turtle (13)]
 29732 | Shoals:1 | Identified the +0 pair of gloves "Tapuvae" {rElec rC+++
                  | Str-5}
 29912 | Shoals:2 | Found Atusoh's Mayhem Merchandise.
 30404 | Shoals:2 | Received a gift from Okawaru
 32250 | Shoals:3 | Noticed Donald
 32264 | Shoals:3 | Killed Donald
 32319 | Shoals:3 | Received a gift from Okawaru
 32438 | Shoals:3 | Reached skill level 20 in Shields
 32455 | Shoals:3 | Noticed Polyphemus
 32472 | Shoals:3 | Killed Polyphemus
 32898 | Shoals:4 | Entered Level 4 of the Shoals
 33719 | Shoals:4 | Reached XP level 19. HP: 161/177 MP: 22/22
 33955 | Shoals:4 | Identified the +4 broad axe of Responsibility {drain,
                  | Str+5}
 33966 | Shoals:4 | Identified the +6 scale mail "Cimyomya" {Str+2 Dex+4}
                  | (Okawaru gifted it to you on level 4 of the Shoals)
 33966 | Shoals:4 | Received a gift from Okawaru
 34422 | Shoals:4 | Noticed Ilsuiw
 34469 | Shoals:4 | Killed Ilsuiw
 34811 | Shoals:4 | Got a barnacled rune of Zot
 35387 | D:11     | Noticed Sonja
 35416 | D:11     | Killed Sonja
 35647 | D:11     | Noticed Lodul
 35661 | D:11     | Killed Lodul
 35774 | D:11     | Reached skill level 21 in Shields
 36539 | D:12     | Identified the staff of earth "Xauseom" {Int+2 Dex+2}
 36661 | D:13     | Noticed Frances
 36667 | D:13     | Killed Frances
 37137 | D:13     | Noticed Jorgrun
 37157 | D:13     | Killed Jorgrun
 37596 | D:13     | Found a gate to the Vaults.
 38224 | D:15     | Entered Level 15 of the Dungeon
 38329 | D:15     | Received a gift from Okawaru
 38504 | D:15     | Found a transporter.
 38739 | D:15     | Found a transporter.
 38865 | D:15     | Found a glowing golden altar of the Shining One.
 38919 | D:15     | Received a gift from Okawaru
 39168 | D:15     | Found a staircase to the Depths.
 39496 | Vaults:1 | Entered Level 1 of the Vaults
 39536 | Vaults:1 | Paralysed by a sphinx for 3 turns
 39551 | Vaults:1 | Received a gift from Okawaru
 39917 | Abyss:2  | Cast into level 2 of the Abyss (a wizard)
 40175 | Abyss:2  | Reached skill level 22 in Shields
 40180 | Abyss:2  | Killed from afar by a starcursed mass

Illustrated notes

Levels and vault maps discovered:
D:1:      dpeg_arrival_boxes_within_box, layout_basic, item_on_display_a
D:2:      layout_rooms
D:3:      minmay_evil_eye, layout_loops_ring
D:4:      layout_loops_corners, uniq_eustachio
D:5:      layout_basic, amethyst_overflow_temple_binary,
          minmay_temple_entry_grid, grunt_ministairs_4, uniq_edmund,
          uniq_grinder
D:6:      layout_cave_pools, nicolae_ossuary_entry_giza, uniq_crazy_yiuf_cottage
D:7:      layout_basic, zin_purify, mainiacjoe_overflow_paths, enter_bailey_4
D:8:      layout_loops_ring
D:9:      layout_roguey, lair_entry_dummy, hiddenorc1_lemuel, uniq_pikel,
          uniq_maggie
D:10:     layout_roguey, minmay_misc_feat_hallway,
          hangedman_abyss_or_decor_clamps
D:11:     layout_gridville, abandoned_shop, uniq_sonja, uniq_lodul
D:12:     layout_basic, hangedman_decor_peaks_small
D:13:     layout_stronghold, hangedman_vaults_entry_quadrant_bands,
          gauntlet_entry_generic, uniq_frances, uniq_jorgrun
D:14:     layout_irregular_city, dreamdust_princess_corridor,
          minmay_misc_feat_doors, minmay_misc_feat_plants
D:15:     grunt_enter_depths_hoard, layout_loops_ring, tso_altar,
          nicolae_diode_stairs
Temple:   nicolae_temple_bog_church
Lair:1:   layout_long_grid, infiniplex_staircase_pool, uniq_amaemon
Lair:2:   layout_gridlike, nicolae_lair_grazing_beasts
          [nicolae_sub_lair_graze_edge, nicolae_sub_lair_graze_edge,
          nicolae_sub_lair_graze_edge, nicolae_sub_lair_graze_edge],
          serial_bayou_shore_a, uniq_urug
Lair:3:   layout_small_grid, shoals_dummy_entry,
          nicolae_spider_entry_lesser_pyramids
Lair:4:   layout_layer_cave, serial_bayou_shore_b
Lair:5:   hellmonk_lair_end_abyssal_woods, layout_loops_ring,
          nicolae_slime_entry_field_trip, nicolae_lair_yak_garden
Shoals:1: layout_shoals, serial_shops, nicolae_shop_industrial_runoff,
          gammafunk_ghost_berserking_beasts
Shoals:2: layout_shoals, minmay_shop_mayhem, nicolae_shoals_mertower
Shoals:3: layout_shoals, nicolae_shoals_undead_eyrie, uniq_donald,
          uniq_polyphemus
Shoals:4: shoals_end_grunt_garden, layout_shoals, shoals_ilsuiw_ice
Spider:1: layout_chambers
Spider:2: layout_spider_delve, uniq_arachne, uniq_azrael
Spider:3: layout_spider_delve
Spider:4: hellmonk_spider_rune_bug_friends, guppyfry_hornet_nest
Orc:1:    layout_diamond_mine, serial_shops, shop
Orc:2:    grunt_orc_cross, layout_diamond_mine, mines_bat_river, uniq_josephine
Vaults:1: nicolae_vaults_corridor_and_loot_room,
          nicolae_vaults_variable_pillar_hall, nicolae_vaults_apartment_2,
          v_misc_12, vaults_room_pools, ontoclasm_vaults_gateway,
          nicolae_vaults_tetromino_T_1, nicolae_vaults_wrenched,
          nicolae_vaults_diamond_2, v_alt_pattern_5, v_misc_11,
          vaults_dpeg_ring, layout_vaults_big_cross,
          nicolae_trove_entry_free_sample, serial_shops, shop
Abyss:2:  base:
D:11

Skill      XL: |  1  2  3  4  5  6  7  8  9 10 11 12 13 14 15 16 17 18 19 |
---------------+----------------------------------------------------------+-----
Armour         | 4 5 6 7 8 10 11 13 14 15 16 | 16.5
Shields        | 4 6 8 9 11 12 14 16 18 20 22 | 22.0
Fighting       | 4 5 6 7 8 9 10 11 13 14 15 16 17 19 | 19.0
Axes           | 3 5 6 7 9 11 13 14 15 17 18 19 20 | 20.9
Dodging        | 1 2 3 5 6 7 8 9 |  9.1
Throwing       | 1 2 3 4 6 7 8 9 |  9.0
Stealth        | 1 3 4 |  4.4
Invocations    | 1 2 3 4 5 |  5.5
Evocations     | |  0.6

Action                     |  1- 3 |  4- 6 |  7- 9 | 10-12 | 13-15 | 16-18 | 19-21 || total
---------------------------+-------+-------+-------+-------+-------+-------+-------++-------
  Melee: War axe           |   101 |    44 |   328 |   173 |   819 |  1064 |   100 ||  2629
         Headbutt          |    12 |     7 |    69 |    39 |   184 |   330 |   144 ||   785
         Broad axe         |       |       |       |       |       |       |   436 ||   436
  Throw: Stone             |    18 |       |       |       |       |       |       ||    18
         Dart              |       |    21 |    29 |     1 |    54 |    96 |       ||   201
         Boomerang         |       |       |       |       |    54 |     4 |    38 ||    96
         Javelin           |       |       |       |       |     1 |       |       ||     1
         Throwing net      |       |       |       |       |       |    10 |       ||    10
 Invoke: Heroism           |       |       |     4 |     5 |    27 |    24 |    11 ||    71
  Evoke: Wand              |       |       |       |       |     1 |     4 |       ||     5
    Use: Potion            |       |     1 |       |     3 |     2 |     7 |     2 ||    15
         Scroll            |       |       |     6 |     7 |    21 |    10 |     1 ||    45
   Stab: Petrifying        |       |       |       |       |     1 |       |       ||     1
         Invisible         |       |       |       |       |       |     2 |       ||     2
 Armour: Scale mail        |    56 |    20 |    41 |       |       |       |       ||   117
         Chain mail        |       |       |    76 |    77 |   256 |       |       ||   409
         Plate armour      |       |       |       |       |   271 |   582 |   181 ||  1034
  Dodge: Dodged            |    50 |    18 |    81 |    74 |   378 |   381 |   143 ||  1125
  Block: Buckler           |    33 |    16 |    25 |       |       |       |       ||    74
         Kite shield       |       |       |   250 |   152 |   920 |  1249 |   505 ||  3076
         Reflection        |       |       |     6 |     3 |    28 |    60 |    52 ||   149
